 Dungeon Crawl Stone Soup version 0.24-a0-497-g5a03d68f59 (webtiles) character file.

Game seed: 1705777130456435229

37 KristoblXynda the Charmwright (level 3, 0/29 HPs)
             Began as a Draconian Skald on July 13, 2019.
             Succumbed to an adder's poison
             ... on level 2 of the Dungeon.
             The game lasted 00:01:39 (690 turns).

KristoblXynda the Charmwright (Draconian Skald)      Turns: 690, Time: 00:01:40

Health: 0/29       AC:  5    Str: 13    XL:     3   Next: 23%
Magic:  5/6        EV: 12    Int: 14    God:
Gold:   20         SH:  0    Dex: 10    Spells: 5/6 levels left

rFire    + . .     SeeInvis .   a - +0 falchion
rCold    + . .     Gourm    .   (no shield)
rNeg     . . .     Faith    .   (armour unavailable)
rPois    +         Spirit   .   (helmet restricted)
rElec    +         Reflect  .   (no cloak)
rCorr    +         Harm     .   (no gloves)
MR       .....                  (no boots)
Stlth    +.........             (no amulet)
HPRegen  0.09/turn              (no ring)
MPRegen  0.10/turn              (no ring)

@: lethally poisoned (0 -> -10), resistant, infused
A: unfitting armour, cold-blooded, AC +5
a: no special abilities


You were on level 2 of the Dungeon.
You were not hungry.

You visited 1 branch of the dungeon, and saw 2 of its levels.

You collected 20 gold pieces.

Inventory:

Hand Weapons
 a - a +0 falchion (weapon)
Scrolls
 b - 2 scrolls of remove curse {unknown}
 d - a scroll of blinking {unknown}
Comestibles
 c - a ration


   Skills:
 - Level 2.1 Fighting
 * Level 3.0 Long Blades
 + Level 2.5 Dodging
 - Level 2.0 Spellcasting
 + Level 3.0 Charms


You had 5 spell levels left.
You knew the following spells:

 Your Spells              Type           Power        Failure   Level  Hunger
a - Infusion              Chrm           #...         7%          1    ##.....

Your spell library contained the following spells:

 Spells                   Type           Power        Failure   Level  Hunger
 Song of Slaying          Chrm           #.......     11%         2    ###....
 Shroud of Golubria       Chrm/Tloc      #.....       19%         2    ###....
 Regeneration             Chrm/Necr      #.........   36%         3    ####...
 Spectral Weapon          Hex/Chrm       #.......     36%         3    ####...


Dungeon Overview and Level Annotations

Branches:
Dungeon (2/15)

Altars:
Qazlal


Innate Abilities, Weirdness & Mutations

Your plain brown scales are hard. (AC +5)
You cannot fit into any form of body armour.
You are cold-blooded and may be slowed by cold attacks.


Message History

You feel sick.
Casting: Infusion (safe; 7% risk of failure)
Confirm with . or Enter, or press ? or * to list all spells.
You begin infusing your attacks with magical energy.
The adder bites you.
* * * LOW HITPOINT WARNING * * *
You are more poisoned.
The adder poisons you!
It was a potion of resistance.
You feel protected.
* * * LOW HITPOINT WARNING * * *
You feel sick. The adder barely misses you. The adder closely misses you.
You closely miss the adder.
Your tail-slap misses the adder.
The adder is heavily wounded.
* * * LOW HITPOINT WARNING * * *
You feel sick. The adder bites you.
* * * LOW HITPOINT WARNING * * *
You closely miss the adder.
The adder is heavily wounded.
You die...

............###.### ##
#.............#....#.
...
#.............+....#.
#.##.........†...#....#.
#....####.#..........##.
#.......#...#.#.####....
#..(..#.......#....(...#
#.............#........+
#.....S@.....##........#
#.......................
#..........####.........
####...........#...####.
#.[.....#....... #..
#.......#....... #..
.......... .... #..
.....?...... ... ....
#............... ....


You could see an adder.

Vanquished Creatures
  A dart slug (D:1)
  A leopard gecko (D:1)
  4 bats
  A giant cockroach (D:1)
  A goblin (D:1)
  4 hobgoblins (D:1)
  7 jackals (D:1)
  6 kobolds (D:1)
  A ball python (D:1)
  3 frilled lizards
  2 rats (D:1)
31 creatures vanquished.

Notes
Turn   | Place    | Note
-------+----------+-------------------------------------------
     0 | D:1      | KristoblXynda the Draconian Skald began the quest for the
                  | Orb.
     0 | D:1      | Reached XP level 1. HP: 17/17 MP: 3/3
    80 | D:1      | Reached XP level 2. HP: 24/24 MP: 5/5
   359 | D:1      | Reached XP level 3. HP: 23/29 MP: 6/6
   618 | D:2      | Found a stormy altar of Qazlal.
   689 | D:2      | HP: 1/29 [adder (2)]
   690 | D:2      | Succumbed to an adder's poison

Levels and vault maps discovered:
D:1:      psy_arrival_radial01, layout_basic
D:2:      layout_basic, nicolae_qazlal_eye_of_the_storm, elyvilon_altar_5,
          minmay_hedge_maze

Skill      XL: |  1  2  3 |
---------------+----------+-----
Charms         | 3 |  3.0
Long Blades    | 3 |  3.0
Fighting       | |  2.1
Dodging        | |  2.5
Spellcasting   | |  2.0

Action                   || total
-------------------------++-------
Melee: Falchion          ||    93
       Tailslap          ||    10
 Cast: Infusion          ||     1
  Use: Potion            ||     1
Armor: Skin              ||    34
Dodge: Dodged            ||    77
       Rpst.: Falchion   ||    22

Table legend:
 A = Non-vault XP
 B = Vault XP
 C = Vault XP percentage of total XP
 D = Non-vault monster count
 E = Vault monster count
 F = Vault count percentage of total count
                 A         B        C        D         E       F
            +---------+---------+-------+---------+---------+-------
      Total |      54 |       0 |   0.0 |      31 |       0 |   0.0
            +---------+---------+-------+---------+---------+-------
        D:1 |      51 |       0 |   0.0 |      29 |       0 |   0.0
        D:2 |       3 |       0 |   0.0 |       2 |       0 |   0.0
            +---------+---------+-------+---------+---------+-------
